 Dungeon Crawl Stone Soup version 0.29.0-4-gdea44cf6ec (webtiles) character file.

Game seed: 11724668689913003125

53 qw the Chopper (level 3, -1/21 HPs)
             Began as a Tengu Warper on Aug 28, 2022.
             Slain by Sigmund
             ... wielding a +2 scythe of protection
              (2 damage)
             ... on level 2 of the Dungeon.
             The game lasted 00:00:13 (2457 turns).

qw the Chopper (Tengu Warper)                       Turns: 2457, Time: 00:00:13

Health: -1/21      AC:  3    Str: 13    XL:     3   Next: 89%
Magic:  7/7        EV: 12    Int: 13    God:
Gold:   79         SH:  0    Dex: 13    Spells: 6/6 levels left

rFire   . . .      SeeInvis .   Y - +1 hand axe
rCold   . . .      Faith    .   (no shield)
rNeg    . . .      Spirit   .   b - +0 leather armour
rPois   .          Reflect  .   (helmet restricted)
rElec   .          Harm     .   (no cloak)
rCorr   .          Rampage  .   (no gloves)
Will    .....                   (boots unavailable)
Stlth   +.........              (no amulet)
HPRegen 0.07/turn               (no ring)
MPRegen 0.10/turn               (no ring)

@: no status effects
A: beak, talons 3
a: no special abilities


You were on level 2 of the Dungeon.
You visited 1 branch of the dungeon, and saw 2 of its levels.

You collected 79 gold pieces.


Innate Abilities, Weirdness & Mutations

You have a beak for a mouth.
You have claws for feet.


   Skills:
 - Level 2.0 Fighting
 + Level 4.5 Axes
 - Level 1.0 Throwing
 - Level 1.1 Armour
 - Level 2.1 Dodging
 - Level 2.0 Spellcasting
 - Level 2.4 Translocations


You had 6 spell levels left.
You didn't know any spells.
Your spell library contained the following spells:

 Spells                   Type           Power      Damage    Failure   Level
 Blink                    Tloc           14%        N/A       19%         2
 Gell's Gravitas          Tloc           7%         N/A       36%         3
 Lesser Beckoning         Tloc           7%         N/A       36%         3
 Teleport Other           Tloc           7%         N/A       36%         3
 Manifold Assault         Tloc           7%         N/A       98%         5

Inventory:

Hand Weapons
 k - a +0 whip
 Y - a +1 hand axe (weapon)
Armour
 b - a +0 leather armour (worn)
 h - a +0 ring mail
Scrolls
 a - a scroll of identify
 e - a scroll of immolation {unknown}
Potions
 c - 2 potions of degeneration {unknown}
 d - a potion of attraction {unknown}
 f - 2 potions of heal wounds {unknown}
 g - a potion of curing
 j - a potion of flight {unknown}

Dungeon Overview and Level Annotations

Branches:
Dungeon (2/15)

Altars:

Annotations:
D:2 Sigmund


Message History

Enter note:
c - 2 clear potions (gained 1)
There is a stone staircase leading up here.
Found an escape hatch in the floor.
There is an escape hatch in the floor here.
You now have 79 gold pieces (gained 8).
h - a +0 ring mail A bat comes into view.
Found an escape hatch in the ceiling.
The bat moves out of view.
Enter note:
Enter note: Sigmund the Dreaded comes into view.
He is wielding a +2 scythe of protection and wearing a +2 robe of fire resistance.
2245 ||| Stepping ~*~*~tactically~*~*~ (hiding).
You start waiting.
The bat completely misses you.
A bat is nearby!
You slash the bat!
You kill the bat!
You start waiting.
Done waiting.
You see here a bat corpse.
2349 ||| Stepping ~*~*~tactically~*~*~ (hiding).
You start waiting.
Done waiting.
You see here a bat corpse.
Sigmund says, "You will soon forget everything."
Sigmund hits you from afar with a +2 scythe of protection.
Sigmund points at you and mumbles some strange words.
The puff of flame hits you.
You hit Sigmund but do no damage. Sigmund gestures at you while chanting.
You resist with significant effort.
You barely miss Sigmund. Your peck misses Sigmund.
Sigmund hits you with a +2 scythe of protection!
You hit Sigmund but do no damage. Sigmund closely misses you.
You barely miss Sigmund. You closely miss Sigmund.
Sigmund hits you with a +2 scythe of protection.
You die...

#....#.### ###..
#.(......# ....###
###......### #......
#......#.. #<....#
##.....#.. #.....#
##.........
#.....###....##.###..
##..@.....######.#
#.. #....@..# #....#
### #.##.##%# #.####
# ##. #.# #.# # #.#..
#.# #.# # #.#.# #.#
###.### # #.#.###.#
#.....# # #.......#
#.....# # #.....###
#.....# # #.....#
#.....# #


You could see Sigmund.

Vanquished Creatures
  2 worms (D:2)
  A dart slug (D:1)
  2 endoplasms
  2 giant cockroaches (D:1)
  2 goblins
  3 hobgoblins
  9 jackals
  A quokka (D:1)
  6 ball pythons
  5 bats
  3 frilled lizards (D:1)
  4 kobolds
  2 rats (D:2)
42 creatures vanquished.

Notes
Turn   | Place    | Note
-------+----------+-------------------------------------------
     0 | D:1      | qw the Tengu Warper began the quest for the Orb.
     0 | D:1      | Reached XP level 1. HP: 12/12 MP: 4/4
     0 | D:1      | 0 ||| qw: Version: 0.1-a-89-g26bdef1
     0 | D:1      | 0 ||| qw: Game counter: 2578
     0 | D:1      | 0 ||| qw: Always use a shield: true
     0 | D:1      | 0 ||| qw: God list: Okawaru
     0 | D:1      | 0 ||| qw: Allow faded altars: false
     0 | D:1      | 0 ||| qw: Do Orc after D:15 true
     0 | D:1      | 0 ||| qw: Do second Lair branch before Depths: true
     0 | D:1      | 0 ||| qw: Lair rune preference: random
     0 | D:1      | 0 ||| qw: Plans: Normal
     0 | D:1      | 0 ||| PLANNING D:1-11
    10 | D:1      | 10 ||| Stepping ~*~*~tactically~*~*~ (stealth).
    99 | D:1      | Found a faded altar of an unknown god.
   207 | D:1      | Reached skill level 3 in Axes
   207 | D:1      | Reached XP level 2. HP: 10/17 MP: 6/6
   692 | D:1      | 692 ||| DROPPING +0 club.
   727 | D:1      | Reached XP level 3. HP: 12/21 MP: 7/7
   893 | D:1      | 893 ||| Stepping ~*~*~tactically~*~*~ (stealth).
  1241 | D:1      | Reached skill level 4 in Axes
  1524 | D:1      | 1524 ||| READING scroll labelled ZASEMIZIES.
  1532 | D:1      | 1532 ||| READING scroll labelled WOODDU YSA.
  1533 | D:1      | 1533 ||| READING scroll labelled RIOSUF JUAK.
  1534 | D:1      | 1534 ||| READING scroll labelled NOOLIA GONUR.
  1536 | D:1      | 1536 ||| READING scroll labelled XIFYMEEHOTT.
  1537 | D:1      | 1537 ||| READING scroll labelled WOUQOG EHUA.
  1538 | D:1      | 1538 ||| DRINKING 2 white potions.
  1539 | D:1      | 1539 ||| DROPPING scroll of blinking.
  1825 | D:2      | HP: 4/21 [worm (2)]
  2244 | D:2      | Noticed Sigmund
  2245 | D:2      | 2245 ||| Stepping ~*~*~tactically~*~*~ (hiding).
  2349 | D:2      | 2349 ||| Stepping ~*~*~tactically~*~*~ (hiding).
  2454 | D:2      | HP: 1/21 [Sigmund/+2 scythe of protection (9)]
  2457 | D:2      | Slain by Sigmund

Levels and vault maps discovered:
D:1:      lightli_molten_gateway, layout_basic,
          shapermc_ecumenical_altar_totnotflames, lemuel_another_geyser
D:2:      layout_loops_cross, minmay_tripent, uniq_sigmund

Skill      XL: |  1  2  3 |
---------------+----------+-----
Axes           | 3 4 |  4.5
Fighting       | |  2.0
Throwing       | |  1.0
Armour         | |  1.1
Dodging        | |  2.1
Spellcasting   | |  2.0
Translocations | |  2.4

Action                   || total
-------------------------++-------
Melee: Hand axe          ||   120
       Kick              ||    21
       Peck              ||    12
Throw: Boomerang         ||     7
  Use: Scroll            ||     6
       Potion            ||     1
Armor: Leather armour    ||    28
Dodge: Dodged            ||    71

Table legend:
 A = Non-vault XP
 B = Vault XP
 C = Vault XP percentage of total XP
 D = Non-vault monster count
 E = Vault monster count
 F = Vault count percentage of total count
                 A         B        C        D         E       F
            +---------+---------+-------+---------+---------+-------
      Total |      71 |       6 |   7.8 |      40 |       2 |   4.8
            +---------+---------+-------+---------+---------+-------
        D:1 |      47 |       0 |   0.0 |      28 |       0 |   0.0
        D:2 |      24 |       6 |  20.0 |      12 |       2 |  14.3
            +---------+---------+-------+---------+---------+-------
